 Dungeon Crawl Stone Soup version 0.26-a0-976-gd3b5134375 (webtiles) character file.

Game seed: 11964271881186881941

1183 PentaManta the Cleaver (level 8, -8/46 HPs)
             Began as a Gargoyle Monk on Dec 4, 2020.
             Was a Priest of Okawaru.
             Mangled by an ice beast (12 damage)
             ... on level 5 of the Dungeon.
             The game lasted 00:09:02 (4233 turns).

PentaManta the Cleaver (Gargoyle Monk)              Turns: 4233, Time: 00:09:02

Health: -8/46      AC: 16    Str: 17    XL:     8   Next: 42%
Magic:  8/8        EV:  5    Int: 13    God:    Okawaru [***...]
Gold:   23         SH:  0    Dex: 12    Spells: 7/7 levels left

rFire    . . .     SeeInvis .   p - +3 hand axe of the Tired Demons {distort, Int+2} (curse)
rCold    . . .     Faith    .   (no shield)
rNeg     + + +     Spirit   .   c - +0 plate armour
rPois    ∞         Reflect  .   h - +0 helmet
rElec    +         Harm     .   (no cloak)
rCorr    .         Rampage  .   (no gloves)
MR       .....                  (no boots)
Stlth    ..........             g - macabre finger necklace {rN+}
HPRegen  0.15/turn              d - +4 ring of slaying
MPRegen  0.11/turn              n - ring of positive energy
                                (no ring)

@: no status effects
A: negative energy resistance 1, electricity resistance, unbreathing,
petrification resistance, rot immunity, AC +5
a: Heroism, Renounce Religion


You were on level 5 of the Dungeon.
You worshipped Okawaru.
Okawaru was most pleased with you.
You visited 1 branch of the dungeon, and saw 5 of its levels.
You also visited: Sewer.

You collected 199 gold pieces.
You spent 176 gold pieces at shops.

Inventory:

Hand Weapons
 a - a +0 hand axe
 p - the cursed +3 hand axe of the Tired Demons (weapon) {distort, Int+2}
   (You bought it in a shop on level 4 of the Dungeon)

   It warps and distorts space around it.
   Unwielding it can cause banishment or high damage.
   It affects your intelligence (+2).
   It has a curse placed upon it.
Missiles
 m - 25 poisoned darts (quivered)
Armour
 b - a +0 robe
 c - a +0 plate armour (worn)
 f - a +0 scale mail
 h - a +0 helmet (worn)
Jewellery
 d - a +4 ring of slaying (left hand)
 g - the macabre finger necklace (around neck) {rN+}
   (You found it on level 4 of the Dungeon)

   [amulet of nothing]

   It protects you from negative energy.
 n - a ring of positive energy (right hand)
Wands
 q - a wand of iceblast (3)
Scrolls
 r - a scroll of teleportation {unknown}
Potions
 e - 2 potions of cancellation
 i - a potion of lignification
 j - a potion of mutation {unknown}
 k - 2 potions of flight {unknown}
 l - 3 potions of curing {unknown}
 o - a potion of resistance {unknown}


   Skills:
 - Level 3.2 Fighting
 + Level 9.4 Axes
 - Level 2.4 Dodging
 - Level 2.1 Stealth


You had 7 spell levels left.
You didn't know any spells.
Your spell library was empty.

Dungeon Overview and Level Annotations

Branches:
Dungeon (5/15)              Sewer (visited)
 Temple: D:4-7

Altars:
Elyvilon
Kikubaaqudgha
Okawaru
Vehumet
Zin

Shops:
D:4 (

Annotations:
D:4 1 runed translucent door, exclusion: angel


Innate Abilities, Weirdness & Mutations

You are resistant to torment.
Your stone body is resilient. (AC +5)
You are immune to poison.
You resist negative energy. (rN+)
You are resistant to electric shocks. (rElec)
You can survive without breathing.
You are immune to petrification.
You are immune to rotting.


Message History

You miss the adder. The adder bites you but does no damage.
You slash the adder!
The adder is almost dead.
The adder blinks!
You slash the ogre!
The ogre is almost dead.
The ogre hits you with a +0 giant club!
* * * LOW HITPOINT WARNING * * *
You hit the ogre.
You kill the ogre!
Okawaru accepts your kill.
Okawaru will now gift you ammunition as you gain piety.
You slash the adder!
You kill the adder!
Okawaru accepts your kill.
Your plate armour prevents you from hitting the ice beast.
The ice beast hits you.
* * * LOW HITPOINT WARNING * * *
The ice beast freezes you!
You die...

.# ##### ....
#...# ..... #...#
.Y#. #@.#
#..#####Y## .
#.Y......>##
..#..........#.
#.........#.....#
#...............#
#..............##
........####...#
.. ....###....#
..##


You could see an ice beast.

Vanquished Creatures
  2 sky beasts
  4 ogres
  A big kobold (Sewer)
  A bullfrog (D:4)
  A scorpion (D:4)
  A vampire bat (D:4)
  A hound (D:4)
  An orc priest (D:4)
  A bullfrog skeleton (D:4)
  Jessica (D:2)
  An iguana (D:4)
  2 orc wizards (D:4)
  2 worker ants (D:4)
  Terence (D:2)
  6 adders
  2 river rats (Sewer)
  A worm (D:3)
  2 dart slugs (D:1)
  5 leopard geckos
  13 orcs
  A ball python (D:3)
  3 bat skeletons (D:4)
  3 bat zombies (D:4)
  3 giant cockroaches
  6 goblins
  5 hobgoblins
  6 jackals
  8 kobolds
  2 quokkas
  7 bats
  5 frilled lizards
  A leopard gecko skeleton (D:4)
  10 rats
109 creatures vanquished.

Vanquished Creatures (others)
  37 plants
37 creatures vanquished.

Grand Total: 146 creatures vanquished

Notes
Turn   | Place    | Note
-------+----------+-------------------------------------------
     0 | D:1      | PentaManta the Gargoyle Monk began the quest for the Orb.
     0 | D:1      | Reached XP level 1. HP: 14/14 MP: 1/1
   101 | D:1      | Reached skill level 3 in Axes
   192 | D:1      | Reached XP level 2. HP: 19/19 MP: 2/2
   762 | D:2      | Noticed Jessica
   770 | D:2      | Killed Jessica
   771 | D:2      | Reached skill level 4 in Axes
   771 | D:2      | Reached XP level 3. HP: 14/23 MP: 3/3
   799 | D:2      | Reached XP level 4. HP: 9/28 MP: 4/4
  1237 | D:2      | You fall into a shaft and drop 2 floors!
  1238 | D:4      | Noticed an ogre
  1337 | D:3      | Noticed a sky beast
  1367 | D:3      | Killed a sky beast
  1368 | D:3      | Reached skill level 5 in Axes
  1368 | D:3      | Reached XP level 5. HP: 18/32 MP: 5/5
  1629 | D:3      | Found a glowing drain.
  1646 | Sewer    | Entered a sewer
  1712 | Sewer    | Noticed a big kobold
  1726 | Sewer    | Killed a big kobold
  1727 | Sewer    | Reached skill level 6 in Axes
  1727 | Sewer    | Reached XP level 6. HP: 37/37 MP: 6/6
  1752 | Sewer    | Found a white marble altar of Elyvilon.
  1925 | D:3      | Found a white marble altar of Elyvilon.
  2387 | D:2      | Found a radiant altar of Vehumet.
  2424 | D:2      | Noticed Terence
  2446 | D:2      | Killed Terence
  2754 | D:4      | Found Niwuvuw's Antique Weapon Shoppe.
  2765 | D:4      | Found a glowing silver altar of Zin.
  2876 | D:4      | Bought an ancient hand axe for 176 gold pieces
  2876 | D:4      | Identified the cursed +3 hand axe of the Tired Demons
                  | {distort, Int+2} (You bought it in a shop on level 4 of the
                  | Dungeon)
  2913 | D:4      | Reached skill level 7 in Axes
  2913 | D:4      | Reached XP level 7. HP: 33/41 MP: 7/7
  3087 | D:4      | Found an ancient bone altar of Kikubaaqudgha.
  3159 | D:4      | Found an iron altar of Okawaru.
  3169 | D:4      | Found the macabre finger necklace {rN+}
  3171 | D:4      | Became a worshipper of Warmaster Okawaru
  3171 | D:4      | Reached * piety under Okawaru
  3171 | D:4      | Reached ** piety under Okawaru
  3496 | D:4      | Reached skill level 8 in Axes
  3526 | D:4      | Found a glowing silver altar of Zin.
  3526 | D:4      | Found a runed translucent door.
  3526 | D:4      | Noticed an angel
  3847 | D:5      | Entered Level 5 of the Dungeon
  3871 | D:4      | Reached XP level 8. HP: 43/46 MP: 8/8
  4009 | D:3      | Reached skill level 9 in Axes
  4231 | D:5      | Reached *** piety under Okawaru
  4233 | D:5      | Mangled by an ice beast

Illustrated notes

Levels and vault maps discovered:
D:1:      dpeg_arrival_pits, layout_basic
D:2:      layout_loops_ring, lemuel_coloured_pillars_altar, uniq_terence,
          uniq_jessica
D:3:      cheibrodos_old_hovel, layout_basic, lemuel_doored_altar,
          cheibrodos_sewer_entry_bend
D:4:      layout_cave_pools, nicolae_overflow_hidden_temple,
          kennysheep_vampire_church, okawaru_trees_2, serial_bayou,
          serial_bayou_pond_e, serial_bayou_pond_c, serial_bayou_shore_a,
          serial_bayou_crossing, serial_bayou_shore_b, serial_shops, shop,
          lemuel_angel_altar
D:5:      layout_cave_pools

Skill      XL: |  1  2  3  4  5  6  7  8 |
---------------+-------------------------+-----
Axes           | 3 4 5 6 7 8 9 |  9.4
Fighting       | |  3.2
Dodging        | |  2.4
Stealth        | |  2.1

Action                   |  1- 3 |  4- 6 |  7- 9 || total
-------------------------+-------+-------+-------++-------
Melee: Hand axe          |    97 |   181 |    75 ||   353
  Use: Scroll            |       |     9 |     1 ||    10
Armor: Plate armour      |    75 |   131 |    49 ||   255
Dodge: Dodged            |    29 |    42 |    25 ||    96

Table legend: (Time is in decaauts)
 A = Elapsed time spent in this place.
 B = Non-inter-level travel time spent in this place.
 C = Inter-level travel time spent in this place.
 D = Time resting spent in this place.
 E = Time spent auto-exploring this place.
 F = Levels seen in this place.
 G = Mean time per level.
                   A        B        C        D        E       F      G
               +--------+--------+--------+--------+--------+-----+--------+
         Total |   4304 |   4125 |    179 |    759 |   2303 |   6 |  717.3 |
       Dungeon |   4118 |   3939 |    179 |    759 |   2233 |   5 |  823.6 |
         Sewer |    186 |    186 |      0 |      0 |     69 |   1 |  186.0 |
               +--------+--------+--------+--------+--------+-----+--------+

Top non-repeatable levels by time:
     D:4: 1382 daAuts
     D:3: 992 daAuts
     D:2: 937 daAuts
     D:1: 768 daAuts
   Sewer: 186 daAuts
     D:5: 37 daAuts
